 Dungeon Crawl Stone Soup version 0.28-a0-1415-g7c84da036a (webtiles) character file.

Game seed: 14250241695252542850

486 porpoise the Sneak (level 6, -6/51 HPs)
             Began as a Demonspawn Delver on Jan 8, 2022.
             Was an Initiate of Nemelex Xobeh.
             Mangled by an ogre (26 damage)
             ... on level 5 of the Dungeon.
             The game lasted 00:20:09 (7660 turns).

porpoise the Sneak (Demonspawn Delver)              Turns: 7660, Time: 00:20:10

Health: -6/51      AC:  6    Str: 14    XL:     6   Next: 89%
Magic:  6/6        EV: 15    Int: 11    God:    Nemelex Xobeh [......]
Gold:   198        SH:  0    Dex: 15    Spells: 3/5 levels left

rFire   . . .      SeeInvis .   a - +0 dagger
rCold   . . .      Faith    .   (no shield)
rNeg    + . .      Spirit   .   j - +0 leather armour
rPois   .          Reflect  .   m - +0 helmet
rElec   .          Harm     .   (no cloak)
rCorr   .          Rampage  .   (no gloves)
Will    .....                   (no boots)
Stlth   +++.......              H - amulet of the acrobat
HPRegen 0.17/turn               n - ring of positive energy
MPRegen 0.10/turn               r - +4 ring of evasion

@: no status effects
A: slimy green scales 1, weakness stinger 1
a: Renounce Religion, Draw Escape, Draw Destruction, Draw Summoning


You were on level 5 of the Dungeon.
You worshipped Nemelex Xobeh.
Nemelex Xobeh was noncommittal.
You visited 2 branches of the dungeon, and saw 6 of its levels.

You collected 198 gold pieces.

Inventory:

Hand Weapons
 a - a +0 dagger (weapon)
 b - a +0 hunting sling
 w - a +1 vorpal spear
 B - a +0 short sword
Missiles
 f - 137 stones
 h - 2 atropa-tipped darts (quivered)
 i - 2 silver javelins
 p - 42 bolts
 s - 4 javelins
 y - 16 sling bullets
 z - 6 boomerangs
 A - 23 arrows
 F - 13 poisoned darts
Armour
 j - a +0 leather armour (worn)
 m - a +0 helmet (worn)
 v - a +1 robe of the Archmagi
 D - an orb of wrath
Jewellery
 n - a ring of positive energy (left hand)
 r - a +4 ring of evasion (right hand)
 E - a ring of protection from fire
 H - an amulet of the acrobat (around neck)
Wands
 g - a wand of digging (8)
Scrolls
 c - a scroll of fog
 d - a scroll of magic mapping
 o - a scroll of identify
 q - a scroll of vulnerability
 u - a scroll of amnesia
 I - a scroll of fear
Potions
 e - a potion of cancellation
 k - a potion of mutation
 l - a potion of haste
 t - a potion of degeneration {unknown}
 x - a potion of curing
 G - a potion of flight {unknown}


   Skills:
 * Level 5.4 Fighting
 * Level 4.4 Short Blades
 - Level 1.7 Dodging
 + Level 5.5 Stealth


You had 3 spell levels left.
You knew the following spells:

 Your Spells              Type           Power      Damage    Failure   Level
k - Blink                 Tloc           0%         N/A       56%         2

Your spell library contained the following spells:

 Spells                   Type           Power      Damage    Failure   Level
 Freeze                   Ice            0%         1d3       41%         1
 Confusing Touch          Hex            0%         N/A       80%         3
 Frozen Ramparts          Ice            0%         1d2       80%         3
 Lesser Beckoning         Tloc           0%         N/A       80%         3
 Hailstorm                Conj/Ice       0%         3d3       99%         4
 Manifold Assault         Tloc           0%         N/A       100%        5
 Yara's Violent Unravell  Hex/Tmut       0%         3d3       100%        5
 Enfeeble                 Hex            0%         N/A       100%        7


Dungeon Overview and Level Annotations

Branches:
Dungeon (5/15)             Temple (1/1) D:4

Altars:
Ashenzari
Cheibriados
Dithmenos
Elyvilon
Fedhas
Gozag
Hepliaklqana
Kikubaaqudgha
Makhleb
Nemelex Xobeh
Okawaru
Qazlal
Ru
Sif Muna
Vehumet
Wu Jian
Xom
Yredelemnul
Zin
The Shining One

Annotations:
D:3 2 transporters


Innate Abilities, Weirdness & Mutations

You are partially covered in slimy green scales. (AC +2)
You have a small tail.


Message History

The black bear misses you. The black bear barely misses you.
The black bear claws you.
You hit the black bear.
You kill the black bear!
There is a stone staircase leading up here.
You start resting.
You feel a little less mighty now.
You start resting.
HP restored.
You see here a black bear corpse.
f - 135 stones (gained 1)
y - 16 sling bullets (gained 1)
f - 136 stones (gained 1)
f - 137 stones (gained 1)
An ogre comes into view. It is wielding a +0 giant club.
b - a +0 hunting sling (weapon)
a - a +0 dagger (weapon)
Found 17 sling bullets.
Found a stone staircase leading down.
A water moccasin skeleton comes into view.
The ogre completely misses you.
You hit the ogre.
The ogre is lightly wounded.
The ogre hits you with a +0 giant club!
You hit the ogre. You tail-slap the ogre.
The ogre is heavily wounded.
You hit the ogre. You tail-slap the ogre.
The ogre is severely wounded.
The ogre hits you with a +0 giant club!!
You are too injured to fight recklessly!
Unknown command.
You are too injured to fight recklessly!
You hit the ogre.
The ogre is severely wounded.
You hit the ogre. You tail-slap the ogre.
The ogre is almost dead.
The ogre hits you with a +0 giant club!!
Ouch! That really hurt!
You die...
Your body disappears without a glow.

...#... .######### #.#
#....# ....(....# #.#
#....# .......>.#
#.####....# #........#
##.##......#
#........###..#...#...#
#.......##...#...##.###
#....OZ........####...#
#.....@........# ###.#
..........$....#######..
##..................#...
............##..#.##..##
.........####.....##.###
.........# ...........
.......### ....####....
....... ..#.# #.....
.##..#...


You could see an ogre and a water moccasin skeleton.

Vanquished Creatures
  A sky beast (D:3)
  A black bear (D:5)
  A water moccasin skeleton (D:5)
  A hound (D:5)
  Jessica (D:2)
  Terence (D:2)
  Natasha (twice) (D:2)
  A hound skeleton (D:5)
  5 adders
  An adder skeleton (D:4)
  A worm (D:4)
  A dart slug (D:1)
  An orc (D:3)
  11 ball pythons
  8 endoplasms
  3 giant cockroaches
  7 goblins
  6 hobgoblins
  3 jackals (D:3)
  2 quokkas
  2 bats
  4 kobolds
  5 rats
69 creatures vanquished.

Vanquished Creatures (others)
  3 demonic plants (D:1)
  2 fungi (D:1)
  5 plants (D:1)
10 creatures vanquished.

Grand Total: 79 creatures vanquished

Notes
Turn   | Place    | Note
-------+----------+-------------------------------------------
     0 | D:5      | porpoise the Demonspawn Delver began the quest for the Orb.
     0 | D:5      | Reached XP level 1. HP: 18/18 MP: 1/1
    53 | D:5      | Gained mutation: You have a small tail. [demonic ancestry]
    53 | D:5      | Reached XP level 2. HP: 12/24 MP: 2/2
   645 | D:3      | Found a transporter.
   649 | D:3      | Found a transporter.
   650 | D:3      | Noticed a centaur
   656 | D:3      | Noticed an ogre
   864 | D:3      | Found a blossoming altar of Fedhas.
   925 | D:2      | Noticed Terence
   929 | D:2      | Noticed Natasha
  1252 | D:2      | Killed Natasha
  1253 | D:2      | Gained mutation: You are partially covered in slimy green
                  | scales. (AC +2) [demonic ancestry]
  1253 | D:2      | Reached XP level 3. HP: 12/30 MP: 3/3
  1967 | D:2      | Noticed Natasha
  1994 | D:2      | Killed Natasha
  1995 | D:2      | Reached XP level 4. HP: 19/37 MP: 4/4
  2378 | D:2      | Found a shimmering altar of Xom.
  3031 | D:1      | Found a faded altar of an unknown god.
  3079 | D:1      | Reached skill level 5 in Stealth
  4312 | D:2      | Killed Terence
  4313 | D:2      | Reached XP level 5. HP: 17/43 MP: 5/5
  4658 | D:2      | Noticed Jessica
  4665 | D:2      | Killed Jessica
  5948 | D:3      | Noticed a sky beast
  5959 | D:3      | Killed a sky beast
  5960 | D:3      | Reached XP level 6. HP: 41/50 MP: 6/6
  6552 | D:4      | Reached skill level 5 in Fighting
  6642 | D:4      | Learned a level 2 spell: Blink
  6976 | D:4      | Found a staircase to the Ecumenical Temple.
  6986 | Temple   | Entered the Ecumenical Temple
  7299 | Temple   | Became a worshipper of Nemelex Xobeh the Trickster
  7660 | D:5      | Mangled by an ogre

Illustrated notes

Levels and vault maps discovered:
D:1:      dpeg_arrival_short_road, layout_loops_corners,
          shapermc_ecumenical_altar_gd
D:2:      layout_basic, basic_altar, st_stairs_2, roderic_lattice_a,
          uniq_natasha, uniq_jessica, uniq_terence
D:3:      layout_basic, gammafunk_temple_overflow_arena
D:4:      layout_gridville, tso_altar, temple_statues
D:5:      layout_rooms, mainiacjoe_overflow_concentric_impassable,
          trog_butcher_becter, grunt_decor_arrowhead, uniq_crazy_yiuf_cottage
Temple:   dpeg_five_rooms_temple

Skill      XL: |  1  2  3  4  5  6 |
---------------+-------------------+-----
Short Blades   | 2 3 4 |  4.4
Fighting       | 4 5 |  5.4
Stealth        | 5 |  5.5
Dodging        | |  1.7

Action                   |  1- 3 |  4- 6 || total
-------------------------+-------+-------++-------
Melee: Short sword       |    93 |    95 ||   188
       Tailslap          |     9 |    25 ||    34
       Spear             |       |    47 ||    47
       Punch             |       |     6 ||     6
       Dagger            |       |    25 ||    25
 Fire: Hunting sling     |       |    13 ||    13
Throw: Dart              |       |     1 ||     1
  Use: Scroll            |     2 |     6 ||     8
       Potion            |     1 |     2 ||     3
 Stab: Sleeping          |     4 |     9 ||    13
Armor: Leather armour    |    17 |    27 ||    44
Dodge: Dodged            |    37 |    86 ||   123

Table legend: (Time is in decaauts)
 A = Elapsed time spent in this place.
 B = Non-inter-level travel time spent in this place.
 C = Inter-level travel time spent in this place.
 D = Time resting spent in this place.
 E = Time spent auto-exploring this place.
 F = Levels seen in this place.
 G = Mean time per level.
                   A        B        C        D        E       F      G
               +--------+--------+--------+--------+--------+-----+--------+
         Total |   7617 |   7330 |    287 |   3710 |   2474 |   6 | 1269.5 |
       Dungeon |   7252 |   7070 |    182 |   3710 |   2226 |   5 | 1450.4 |
        Temple |    364 |    259 |    105 |      0 |    248 |   1 |  364.0 |
               +--------+--------+--------+--------+--------+-----+--------+

Top non-repeatable levels by time:
     D:2: 2797 daAuts
     D:1: 1638 daAuts
     D:3: 1395 daAuts
     D:4: 760 daAuts
     D:5: 660 daAuts
  Temple: 364 daAuts
